 Dungeon Crawl Stone Soup version 0.25-a0-1056-g2efb326896 (webtiles) character file.

Game seed: 11189076006372290996, levelgen mode: deterministic

8487 MalarOregon the Fighter (level 11, -4/101 HPs)
             Began as a Green Draconian Summoner on Oct 24, 2019.
             Was an Initiate of Gozag.
             Slain by an eight-headed hydra (9 damage)
             ... on level 7 of the Dungeon on May 13, 2020.
             The game lasted 00:39:53 (16827 turns).

MalarOregon the Fighter (Green Draconian Summoner) Turns: 16827, Time: 00:39:54

Health: -4/101     AC: 14    Str: 10    XL:     11   Next: 10%
Magic:  9/22       EV: 15    Int: 19    God:    Gozag
Gold:   1722       SH:  8    Dex: 12    Spells: 7/24 levels left

rFire    . . .     SeeInvis .   a - +4 short sword (elec)
rCold    . . .     Gourm    .   E - +0 kite shield
rNeg     . . .     Faith    .   (armour unavailable)
rPois    +         Spirit   .   (helmet restricted)
rElec    .         Reflect  .   j - +2 cloak
rCorr    .         Harm     .   A - +0 pair of gloves
MR       .....                  l - +2 pair of boots {Fly}
Stlth    ++........             y - amulet of reflection
HPRegen  0.26/turn              (no ring)
MPRegen  0.18/turn              x - +2 ring of evasion

@: flying, very slightly contaminated
A: breathe noxious fumes, unfitting armour, poison resistance, cold-blooded, AC
+7
a: Breathe Noxious Fumes, Potion Petition, Call Merchant, Bribe Branch, Renounce
Religion, Stop Flying


You were on level 7 of the Dungeon.
You worshipped Gozag.
Gozag was most pleased with you.
You were very hungry.

You visited 3 branches of the dungeon, and saw 12 of its levels.
You also visited: Ossuary.

You collected 1800 gold pieces.
You paid 78 gold pieces to Gozag.

Inventory:

Hand Weapons
 a - a +4 short sword of electrocution (weapon)
   (You found it on level 1 of the Dungeon)
Missiles
 g - a throwing net (quivered) {!f}
Armour
 j - a +2 cloak (worn)
   (You found it on level 2 of the Dungeon)
 l - a +2 pair of boots of flying (worn)
   (You found it on level 9 of the Dungeon)
 A - a +0 pair of gloves (worn)
   (You found it on level 6 of the Dungeon)
 E - a +0 kite shield (worn)
   (You found it on level 9 of the Dungeon)
Jewellery
 h - an uncursed ring of positive energy
   (You found it on level 2 of the Dungeon)
 w - an uncursed amulet of rage
   (You found it on level 9 of the Dungeon)
 x - a +2 ring of evasion (right hand)
   (You found it on level 6 of the Dungeon)
 y - an amulet of reflection (around neck)
   (You found it on level 6 of the Dungeon)
 z - an uncursed ring of see invisible
   (You found it on level 4 of the Dungeon)
Wands
 o - a wand of clouds (4)
   (You found it on level 4 of the Dungeon)
 t - a wand of flame (17)
   (You took it off Edmund on level 6 of the Dungeon)
Scrolls
 i - 5 scrolls of remove curse {@r2}
 n - 2 scrolls of teleportation {@r4}
 u - a scroll of amnesia
 C - a scroll of magic mapping
 D - a scroll of identify {@r1}
 M - 3 scrolls of fear
Potions
 b - 2 potions of stabbing
 c - 4 potions of curing {@q1}
 d - 3 potions of cancellation
 f - 3 potions of haste {@q3}
 p - a potion of ambrosia
 r - 3 potions of heal wounds {@q2}
 s - a potion of invisibility
 v - a potion of lignification {!q}
 I - a potion of might
 K - a potion of resistance
 L - a potion of brilliance
Comestibles
 e - 9 rations {!d}


   Skills:
 + Level 10.9 Fighting
 + Level 7.3 Dodging
 - Level 2.0 Stealth
 * Level 3.6 Shields
 + Level 7.4 Spellcasting
 + Level 8.9 Summonings


You had 7 spell levels left.
You knew the following spells:

 Your Spells              Type           Power        Failure   Level  Hunger
a - Summon Small Mammal   Summ           ####         1%          1    None
b - Summon Guardian Gole  Hex/Summ       ###.....     21%         3    #......
c - Call Canine Familiar  Summ           #####...     3%          3    #......
d - Summon Ice Beast      Ice/Summ       ###.....     56%         4    ###....
x - Call Imp              Summ           #####...     1%          2    None
z - Summon Lightning Spi  Summ/Air       ###.....     56%         4    ###....

Your spell library contained the following spells:

 Spells                   Type           Power        Failure   Level  Hunger


Dungeon Overview and Level Annotations

Branches:
Dungeon (10/15)            Temple (1/1) D:7            Lair (1/6) D:8
Ossuary (visited)
    Orc: D:9-12

Altars:
Ashenzari
Cheibriados
Dithmenos
Elyvilon
Fedhas
Gozag
Hepliaklqana
Kikubaaqudgha
Makhleb
Nemelex Xobeh
Okawaru
Qazlal
Ru
Sif Muna
Trog
Uskayaw
Vehumet
Wu Jian
Xom
Yredelemnul
Zin
The Shining One

Shops:
D:4 }   D:8 *

Annotations:
D:3 2 transporters, casual's ghost, amateur DsFi
D:4 exclusion: statue
D:9 5 runed translucent doors


Innate Abilities, Weirdness & Mutations

You can breathe blasts of noxious fumes.
Your lurid green scales are hard. (AC +7)
You cannot fit into any form of body armour.
Your system is resistant to poisons. (rPois)
You are cold-blooded and may be slowed by cold attacks.


Message History

The nameless horror completely misses you.
You miscast Summon Lightning Spire.
Electricity courses through your body! The eight-headed hydra bites you!!
You block the eight-headed hydra's attack.
The eight-headed hydra closely misses you.
The eight-headed hydra bites you. The eight-headed hydra misses you.
The eight-headed hydra bites you but does no damage.
The eight-headed hydra misses you. x2
An electric hum fills the air.
The eight-headed hydra bites you.
The eight-headed hydra bites you but does no damage. x3
You block the eight-headed hydra's attack. x2
The eight-headed hydra closely misses you.
The eight-headed hydra bites you.
* * * LOW HITPOINT WARNING * * *
Unknown command.
Your lightning spire shoots out a bolt of lightning at the eight-headed hydra!
The bolt of electricity hits the eight-headed hydra! x2
The bolt of electricity hits your lightning spire.
Your lightning spire completely resists.
Your lightning spire shoots out a bolt of lightning at the eight-headed hydra!
The bolt of electricity hits the nameless horror.
The bolt of electricity hits the eight-headed hydra.
Send 'em back where they came from!
Your lightning spire disappears in a puff of smoke!
Aim: an eight-headed hydra (lightly wounded)
You create a blast of poison gas!
You block the eight-headed hydra's attack.
The eight-headed hydra closely misses you.
The eight-headed hydra bites you.
* * * LOW HITPOINT WARNING * * *
The eight-headed hydra bites you!
* * * LOW HITPOINT WARNING * * *
The eight-headed hydra bites you.
* * * LOW HITPOINT WARNING * * *
The eight-headed hydra barely misses you.
The eight-headed hydra bites you!
* * * LOW HITPOINT WARNING * * *
The eight-headed hydra closely misses you.
Unknown command.
You see here 28 stones.
Things that are here:
a +0 robe; a +0 dagger
Aim: an eight-headed hydra (lightly wounded)
You create a blast of poison gas!
The eight-headed hydra bites you!
* * * LOW HITPOINT WARNING * * *
The eight-headed hydra bites you.
* * * LOW HITPOINT WARNING * * *
The eight-headed hydra bites you!
You die...
Your body crumbles into a pile of gold.

#..## ##........##
#########
*#..###...#.....#
*...#..,*
##.....######.##
*.>.#.>,** #......#
##.#####...#..,**
##......##
#.§§§.#'######*',
#...##...## #§§X§...#
*,,,
#...####..####§§##..##
*,,* #..X#
##..##§D###..# *,,*
##..# ##..[@## #X.#
**,* # ##.# #....##
#..# *,, # #.#
#[....###..# *** #
##.# ##.[....##..# * #
##..# ##..###......#
####..## #..##
###....# .##...# ##.##
##..## ##...## #..#
#### ***** ##...#
##..# *,,,***


You could see an eight-headed hydra and a nameless horror.

Vanquished Creatures
  An unseen horror (D:10)
  A gargoyle (D:10)
  A komodo dragon (D:8)
  3 hippogriffs
  A dream sheep (D:9)
  2 wyverns
  3 yaks (D:10)
  A basilisk (D:8)
  2 water moccasins
  Edmund (D:6)
  Duvessa (D:7)
  4 sky beasts
  4 orc warriors
  A black bear (D:6)
  3 ogres
  6 centaurs
  A crocodile (D:7)
  2 big kobolds
  10 bullfrogs
  A scorpion (D:5)
  Dowan (D:7)
  3 killer bees (D:10)
  5 howler monkeys
  4 crimson imps
  A bullfrog zombie (D:8)
  A centaur zombie (D:10)
  5 hounds
  A quasit (D:9)
  A jelly (D:7)
  4 centaur skeletons
  A human zombie (Ossuary)
  6 orc priests
  4 iguanas
  6 worker ants
  9 orc wizards
  2 mummies (Ossuary)
  A worker ant zombie (D:9)
  2 hound skeletons (D:5)
  3 gnolls (D:7)
  10 adders
  2 shadow imps
  3 oozes
  4 adder zombies
  2 adder skeletons
  2 worms (D:2)
  5 dart slugs
  7 leopard geckos
  27 orcs
  2 ball pythons
  6 giant cockroaches
  6 goblins
  9 hobgoblins
  20 jackals
  17 kobolds
  7 quokkas
  7 bats
  7 frilled lizards
  A goblin zombie (Ossuary)
  A hobgoblin zombie (Ossuary)
  2 kobold zombies (Ossuary)
  A leopard gecko skeleton (D:6)
  A leopard gecko zombie (D:6)
  A quokka skeleton (D:5)
  4 quokka zombies (Ossuary)
  7 rats
  3 rat zombies (Ossuary)
273 creatures vanquished.

Vanquished Creatures (collateral kills)
  An elephant (D:8)
  A troll (D:6)
  A hippogriff (D:8)
  A hungry ghost (D:7)
  Menkaure (D:6)
  An ice beast (D:8)
  2 ogres
  A crocodile (D:8)
  A wyvern zombie (D:6)
  A water moccasin skeleton (D:6)
  A wight (D:5)
  2 jellies
  A hound (D:6)
  A bullfrog skeleton (D:6)
  4 orc priests
  3 orc wizards
  2 worker ants
  A mummy (Ossuary)
  A worker ant zombie (D:8)
  A leopard gecko (D:9)
  4 orcs
  2 jackals (D:6)
  A frilled lizard (D:1)
  A jackal skeleton (D:7)
  A kobold zombie (Ossuary)
  2 quokka zombies (Ossuary)
  A rat zombie (Ossuary)
40 creatures vanquished.

Grand Total: 313 creatures vanquished

Notes
Turn   | Place    | Note
-------+----------+-------------------------------------------
     0 | D:1      | MalarOregon the Draconian Summoner began the quest for the
                  | Orb.
     0 | D:1      | Reached XP level 1. HP: 14/14 MP: 3/3
   271 | D:1      | Reached skill level 1 in Fighting
   271 | D:1      | Reached XP level 2. HP: 11/23 MP: 5/5
  1071 | D:1      | Reached XP level 3. HP: 23/29 MP: 6/6
  1488 | D:2      | Learned a level 2 spell: Call Imp
  1492 | D:2      | Learned a level 3 spell: Call Canine Familiar
  1720 | D:2      | Reached skill level 2 in Fighting
  1832 | D:2      | Reached XP level 4. HP: 19/37 MP: 7/7
  2595 | D:2      | Reached skill level 3 in Fighting
  2742 | D:3      | Reached XP level 5. HP: 17/45 MP: 9/9
  3054 | D:3      | Found a transporter.
  3054 | D:3      | Noticed casual's ghost (amateur DsFi)
  3114 | D:3      | Found a transporter.
  3802 | D:4      | Found a radiant altar of Vehumet.
  3802 | D:4      | Noticed a frost-covered statue
  3844 | D:4      | Found Tykhoihiho's Gadget Emporium.
  3997 | D:4      | Reached skill level 4 in Fighting
  3997 | D:4      | Reached XP level 6. HP: 47/52 MP: 10/10
  4296 | D:4      | Reached skill level 5 in Summonings
  4749 | D:5      | Entered Level 5 of the Dungeon
  4782 | D:5      | Your scales start taking on a lurid green colour.
  4782 | D:5      | Reached XP level 7. HP: 58/60 MP: 12/12
  4782 | D:5      | Gained mutation: Your system is resistant to poisons.
                  | (rPois) [Green Draconian growth]
  4895 | D:5      | Found a snail-covered altar of Cheibriados.
  4964 | D:5      | Reached skill level 5 in Fighting
  5692 | D:5      | Reached skill level 6 in Fighting
  5810 | D:5      | Reached XP level 8. HP: 51/70 MP: 14/14
  5973 | D:5      | Found an opulent altar of Gozag.
  5974 | D:5      | Found a sparkling altar of Nemelex Xobeh.
  6039 | D:5      | Became a worshipper of Gozag Ym Sagoz the Greedy
  6291 | D:6      | Reached skill level 7 in Fighting
  7030 | D:6      | Noticed a troll
  7059 | D:6      | Reached skill level 5 in Spellcasting
  7072 | D:6      | Killed a troll
  7072 | D:6      | Reached skill level 8 in Fighting
  7072 | D:6      | Reached skill level 5 in Dodging
  7341 | D:6      | Reached XP level 9. HP: 73/81 MP: 2/16
  7519 | D:6      | Noticed Menkaure
  7530 | D:6      | Killed Menkaure
  7966 | D:6      | Noticed Edmund
  7983 | D:6      | Killed Edmund
  8838 | D:7      | Found a sand-covered staircase.
  8971 | Ossuary  | Entered an ossuary
  9347 | D:7      | Noticed Duvessa
  9356 | D:7      | Noticed Dowan
  9642 | D:7      | Killed Dowan
  9650 | D:7      | Killed Duvessa
  9650 | D:7      | Reached skill level 9 in Fighting
  9804 | D:7      | Found a sacrificial altar of Ru.
 10155 | D:7      | Found a staircase to the Ecumenical Temple.
 10189 | Temple   | Entered the Ecumenical Temple
 11033 | D:7      | Upgraded the game from 0.25-a0-44-g29a1220a87 to
                  | 0.25-a0-647-gd602d06ee1
 11033 | D:7      | Upgraded the game from 0.25-a0-647-gd602d06ee1 to
                  | 0.25-a0-1056-g2efb326896
 11676 | D:8      | You fall into a shaft and drop 2 floors!
 11676 | D:10     | Entered Level 10 of the Dungeon
 11757 | D:9      | Noticed a two-headed ogre
 11771 | D:9      | Found the +9 staff of Olgreb {rPois∞}
 11776 | D:8      | Reached XP level 10. HP: 91/93 MP: 15/19
 11918 | D:8      | Found a staircase to the Lair.
 11922 | D:8      | Noticed an elephant
 11939 | D:8      | Killed an elephant
 11942 | D:8      | Reached skill level 10 in Fighting
 12377 | D:8      | Found Paimuil's Serpentskin Sales.
 12657 | D:9      | Found a shattered altar of Ashenzari.
 12657 | D:9      | Found an iron altar of Okawaru.
 12780 | D:9      | Found a runed translucent gate.
 12782 | D:9      | Found a runed translucent door.
 13193 | D:9      | Found a runed translucent gate.
 13193 | D:9      | Found a runed translucent gate.
 13194 | D:9      | Found a runed translucent door.
 13228 | D:9      | a two-headed ogre changed into a dream sheep
 13467 | D:10     | Reached skill level 1 in Shields
 13634 | D:10     | Noticed a gargoyle
 13648 | D:10     | Killed a gargoyle
 14128 | D:10     | Killed an unseen horror
 14128 | D:10     | Reached XP level 11. HP: 25/101 MP: 20/22
 15191 | Lair:1   | Entered Level 1 of the Lair of Beasts
 15366 | Lair:1   | Noticed an eight-headed hydra
 15787 | D:7      | Learned a level 3 spell: Summon Guardian Golem
 15792 | D:7      | Learned a level 4 spell: Summon Ice Beast
 15797 | D:7      | Learned a level 4 spell: Summon Lightning Spire
 15928 | D:8      | Noticed a nameless horror
 16289 | D:7      | Found a sacrificial altar of Ru.
 16469 | D:7      | Found a staircase to the Ecumenical Temple.
 16772 | D:7      | Noticed a nameless horror
 16827 | D:7      | HP: 5/101 [eight-headed hydra (1)]
 16827 | D:7      | Slain by an eight-headed hydra

Illustrated notes

Levels and vault maps discovered:
D:1:      dpeg_arrival_arbitrary_c, layout_basic,
          corexii_item_surrounded_by_moat
D:2:      minmay_angry_zag, layout_loops_corners
D:3:      layout_loops_ring, gammafunk_ghost_mausoleum
D:4:      layout_cave_pods, vehumet_statue, serial_shops, shop
D:5:      layout_loops_ring, grunt_temple_overflow_opulence, first_ration,
          kennysheep_path_1, minmay_misc_feat_more_columns, cheibriados_altar_1
D:6:      layout_loops_corners, minmay_joined_circles, uniq_menkaure,
          uniq_edmund
D:7:      layout_layer_cave, lemuel_doored_altar,
          minmay_temple_entry_large_hall, nicolae_ossuary_entry_false_entrances,
          uniq_duvessa
D:8:      layout_rooms, david_lair_generic, guppyfry_shop_venom
D:9:      layout_rooms, chequers_temple_overflow_statue_of_worship,
          blue_anna_alchemist [blue_anna_fruit_fields, blue_anna_fruit_fields],
          minmay_guarded_unrand_staff_of_olgreb
D:10:     layout_loops_corners
Temple:   regret_index_temple_sphere_string
Lair:1:   layout_chaotic_city, kennysheep_snail_temple, grunt_megastairs_1

Skill      XL: |  1  2  3  4  5  6  7  8  9 10 |
---------------+-------------------------------+-----
Stealth        | 2 |  2.0
Fighting       | 1 2 3 4 6 8 9 10 | 10.9
Dodging        | 2 3 4 5 6 7 |  7.3
Spellcasting   | 3 4 5 6 7 |  7.4
Summonings     | 5 6 7 8 |  8.9
Shields        | 3 |  3.6

Action                   |  1- 3 |  4- 6 |  7- 9 | 10-12 || total
-------------------------+-------+-------+-------+-------++-------
Melee: Unarmed           |    99 |       |       |       ||    99
       Tailslap          |    17 |    14 |    61 |    40 ||   132
       Short sword       |    50 |   194 |   475 |   359 ||  1078
       Club              |     8 |       |       |       ||     8
 Cast: Summon Small Mamm |     2 |     1 |       |       ||     3
       Call Imp          |       |     4 |    40 |     4 ||    48
       Call Canine Famil |       |     1 |    30 |     7 ||    38
       Summon Ice Beast  |       |       |       |     3 ||     3
       Summon Lightning  |       |       |       |     3 ||     3
       Summon Guardian G |       |       |       |     1 ||     1
Evoke: Wand              |       |       |       |     8 ||     8
  Use: Scroll            |     1 |    13 |     1 |    19 ||    34
       Potion            |       |       |       |     2 ||     2
 Stab: Sleeping          |     5 |     8 |    10 |     3 ||    26
       Distracted        |       |     1 |     3 |     1 ||     5
  Eat: Chunk             |     3 |    10 |     4 |       ||    17
       Ration            |       |       |     7 |     5 ||    12
Armor: Skin              |    53 |    59 |   136 |   140 ||   388
Dodge: Dodged            |   109 |   132 |   323 |   303 ||   867
Block: Buckler           |       |    16 |    64 |    43 ||   123
       Kite shield       |       |       |       |    65 ||    65

Table legend:
 A = Non-vault XP
 B = Vault XP
 C = Vault XP percentage of total XP
 D = Non-vault monster count
 E = Vault monster count
 F = Vault count percentage of total count
                 A         B        C        D         E       F
            +---------+---------+-------+---------+---------+-------
      Total |    9543 |    2582 |  21.3 |     262 |      51 |  16.3
            +---------+---------+-------+---------+---------+-------
        D:1 |      47 |       0 |   0.0 |      26 |       0 |   0.0
        D:2 |     125 |      10 |   7.4 |      26 |       4 |  13.3
        D:3 |     125 |       0 |   0.0 |      30 |       0 |   0.0
        D:4 |     388 |       0 |   0.0 |      21 |       0 |   0.0
        D:5 |     767 |      29 |   3.6 |      22 |       1 |   4.3
        D:6 |     738 |    1170 |  61.3 |      14 |      16 |  53.3
        D:7 |    1259 |     212 |  14.4 |      31 |       2 |   6.1
        D:8 |    1488 |     967 |  39.4 |      31 |       6 |  16.2
        D:9 |    1490 |      91 |   5.8 |      34 |       1 |   2.9
       D:10 |    3116 |       0 |   0.0 |      27 |       0 |   0.0
    Ossuary |       0 |     103 | 100.0 |       0 |      21 | 100.0
            +---------+---------+-------+---------+---------+-------
